 Dungeon Crawl Stone Soup version 0.27-a0-732-ga892ba84f6 (webtiles) character file.

Game seed: 12339018671648705031

626 robertstho the Magician (level 7, -6/49 HPs)
             Began as a Djinni Fire Elementalist on Mar 23, 2021.
             Killed by divine providence
             ... invoked by an orc priest
              (14 damage)
             ... on level 5 of the Dungeon.
             The game lasted 00:10:06 (5775 turns).

robertstho the Magician (Djinni Fire Elementalist)  Turns: 5775, Time: 00:10:07

Health: -6/49      AC:  3    Str:  7    XL:     7   Next: 47%
Magic:  0/0        EV: 12    Int: 19    God:
Gold:   2          SH:  5    Dex: 13    Spells: 0/18 levels left

rFire    + + .     SeeInvis .   f - +0 mace (drain)
rCold    x . .     Faith    .   (no shield)
rNeg     . . .     Spirit   .   a - +0 robe
rPois    ∞         Reflect  +   d - +0 helmet
rElec    .         Harm     .   (no cloak)
rCorr    +         Rampage  .   (no gloves)
Will     .....                  (boots unavailable)
Stlth    ++........             l - amulet of reflection
HPRegen  0.16/turn              m - ring of resist corrosion
MPRegen  0.00/turn              (no ring)

@: flying
A: fire resistance 2, cold vulnerability 1, float, innate caster, hp casting,
extra vitality 1
a: no special abilities


You were on level 5 of the Dungeon.
You visited 2 branches of the dungeon, and saw 6 of its levels.

You collected 237 gold pieces.
You spent 235 gold pieces at shops.

Inventory:

Hand Weapons
 b - a +0 short sword
 f - a +0 mace of draining (weapon)
Armour
 a - a +0 robe (worn)
 d - a +0 helmet (worn)
Jewellery
 i - an amulet of the acrobat
 l - an amulet of reflection (around neck)
 m - a ring of resist corrosion (right hand)
Wands
 o - a wand of charming (11)
 p - a wand of iceblast (7)
Scrolls
 g - a scroll of holy word
 h - a scroll of noise
 n - a scroll of immolation
Potions
 c - a potion of curing
 e - a potion of ambrosia
 k - a potion of mutation {unknown}
 q - a potion of brilliance
 r - a potion of lignification


   Skills:
 * Level 2.6 Fighting
 + Level 0.2 Short Blades
 + Level 2.6 Dodging
 + Level 2.8 Stealth
 + Level 0.2 Shields
 * Level 6.1 Spellcasting


You couldn't memorise any spells.
You knew the following spells:

 Your Spells              Type           Power      Damage    Failure   Level
a - Foxfire               Conj/Fire      100%       2x1d9     1%          1
b - Conjure Flame         Conj/Fire      29%        6-21      2%          3
c - Inner Flame           Hex/Fire       29%        N/A       2%          3
d - Sticky Flame          Conj/Fire      29%        2d5       9%          4
e - Fireball              Conj/Fire      14%        3d8       26%         5
f - Shock                 Conj/Air       100%       1d9       1%          1
g - Call Imp              Summ           29%        N/A       1%          2
h - Ozocubu's Armour      Ice            29%        N/A       2%          3
Your spell library was empty.

Dungeon Overview and Level Annotations

Branches:
Dungeon (5/15)             Temple (1/1) D:4

Altars:
Ashenzari
Cheibriados
Dithmenos
Elyvilon
Gozag
Hepliaklqana
Makhleb
Nemelex Xobeh
Ru
Trog
Wu Jian
Xom
Yredelemnul
Zin
The Shining One

Shops:
D:3 *   D:4 :   D:5 ?

Annotations:
D:3 Good weapons, 1 runed translucent door, Dittersdorf's ghost, amateur GrFi


Innate Abilities, Weirdness & Mutations

You are immune to poison.
Your flesh is very heat resistant. (rF++)
You are vulnerable to cold. (rC-)
You float through the air rather than walking.
You learn spells naturally, not from books.
Your magical power is your life essence.
You have superior vitality. (+4 HP)


Message History

The foxfire hits the orc wizard!
The orc wizard is almost dead.
The foxfire hits the hound.
The hound is heavily wounded.
The orc wizard completely misses you. The orc hits you with a +0 mace.
Casting: Foxfire (safe; 1% risk of failure)
Confirm with . or Enter, or press ? or * to list all spells.
You conjure some foxfire!
The foxfire hits the hound.
The hound is severely wounded.
The hound bites you. The orc wizard casts a spell at you.
The puff of flame hits you. You resist.
The foxfire hits the orc.
The orc is almost dead.
The orc priest casts a cantrip, but nothing happens.
You block the hound's attack.
Casting: Foxfire (safe; 1% risk of failure)
Confirm with . or Enter, or press ? or * to list all spells.
You conjure some foxfire!
The foxfire hits the orc wizard.
You kill the orc wizard!
The hound bites you.
* * * LOW HITPOINT WARNING * * *
Your Spellcasting skill increases to level 6!
Casting: Foxfire (safe; 1% risk of failure)
Confirm with . or Enter, or press ? or * to list all spells.
You conjure some foxfire!
* * * LOW HITPOINT WARNING * * *
The foxfire hits the hound!
You kill the hound!
The foxfire hits the orc priest.
The orc priest is moderately wounded.
The orc hits you with a +0 club.
* * * LOW HITPOINT WARNING * * *
You block the orc's attack.
Unknown command.
Your foxfire dissipates!
The orc hits you with a +0 club.
* * * LOW HITPOINT WARNING * * *
The orc priest calls down the wrath of Beogh upon you.
Beogh smites you!
You die...

......).................
################.#######
#......# #.##.∩.#
#.#....# #.#.<#.#
#.##.#.# #....#.#
#.######@# #.....†oo#
........o......
...#######..... . .....
.... .... ...


You could see an orc priest and 2 orcs.

Vanquished Creatures
  A water moccasin (D:4)
  An ogre (D:4)
  A howler monkey (D:4)
  3 jellies (D:3)
  A centaur skeleton (D:4)
  A bullfrog skeleton (D:4)
  2 orc priests
  A hound (D:5)
  2 orc wizards
  4 adders
  3 worms
  A dart slug (D:2)
  3 orcs
  3 bats (D:1)
  2 giant cockroaches
  6 goblins
  7 hobgoblins
  3 jackals (D:4)
  10 kobolds
  13 oozes
  7 quokkas
  7 ball pythons
  6 frilled lizards
  3 rats (D:1)
91 creatures vanquished.

Vanquished Creatures (others)
  310 foxfires
  10 fungi (D:3)
  7 toadstools (D:3)
327 creatures vanquished.

Grand Total: 418 creatures vanquished

Notes
Turn   | Place    | Note
-------+----------+-------------------------------------------
     0 | D:1      | robertstho the Djinni Fire Elementalist began the quest for
                  | the Orb.
     0 | D:1      | Reached XP level 1. HP: 15/15 MP: 0/0
   265 | D:1      | Reached XP level 2. HP: 22/22 MP: 0/0
   309 | D:1      | Reached skill level 3 in Spellcasting
   545 | D:1      | Found a white marble altar of Elyvilon.
  1128 | D:2      | Reached XP level 3. HP: 24/26 MP: 0/0
  1128 | D:2      | Learned a level 1 spell: Shock
  2210 | D:2      | Reached XP level 4. HP: 29/31 MP: 0/0
  2290 | D:2      | Reached skill level 1 in Fighting
  2482 | D:3      | Found Cachiap's General Store.
  2491 | D:3      | Bought a potion of curing for 30 gold pieces
  2491 | D:3      | Bought a scroll of fear for 35 gold pieces
  2491 | D:3      | Bought a scroll of amnesia for 35 gold pieces
  2654 | D:3      | Found a runed translucent door.
  2654 | D:3      | Noticed Dittersdorf's ghost (amateur GrFi)
  2883 | D:3      | Found an opulent altar of Gozag.
  3152 | D:3      | Reached skill level 4 in Spellcasting
  3345 | D:3      | Reached XP level 5. HP: 27/37 MP: 0/0
  3345 | D:3      | Learned a level 2 spell: Call Imp
  3983 | D:4      | Reached XP level 6. HP: 17/43 MP: 0/0
  3987 | D:4      | Reached skill level 5 in Spellcasting
  4276 | D:4      | Found a shadowy altar of Dithmenos.
  4339 | D:4      | Noticed a water moccasin
  4744 | D:4      | Killed a water moccasin
  4745 | D:4      | Reached XP level 7. HP: 35/49 MP: 0/0
  4745 | D:4      | Learned a level 3 spell: Ozocubu's Armour
  4922 | D:4      | Found Rukoc's Book Shoppe.
  5084 | D:4      | Found a sacrificial altar of Ru.
  5112 | D:4      | Found a hazy altar of Hepliaklqana.
  5114 | D:4      | Found a bloodstained altar of Trog.
  5117 | D:4      | Found a white marble altar of Elyvilon.
  5180 | D:4      | Found a staircase to the Ecumenical Temple.
  5190 | Temple   | Entered the Ecumenical Temple
  5715 | D:5      | Entered Level 5 of the Dungeon
  5737 | D:5      | Found Eriyryg's Magic Scroll Shoppe.
  5741 | D:5      | Bought a scroll of noise for 15 gold pieces
  5741 | D:5      | Bought a scroll of identify for 30 gold pieces
  5741 | D:5      | Bought a scroll of identify for 30 gold pieces
  5741 | D:5      | Bought a scroll of identify for 30 gold pieces
  5741 | D:5      | Bought a scroll of identify for 30 gold pieces
  5774 | D:5      | Reached skill level 6 in Spellcasting
  5775 | D:5      | Killed from afar by an orc priest

Illustrated notes

Levels and vault maps discovered:
D:1:      sevenhm_arrival_forest_fort_small_6, layout_loops_ring
D:2:      layout_basic, nicolae_overflow_hidden_temple
D:3:      cheibrodos_fertilizer, layout_loops_ring, marbit_many_paths,
          serial_shops, shop, hellmonk_ghost_happy_afterlife
D:4:      layout_basic, minitemple, minmay_temple_entry_sparse_star,
          serial_shops, nicolae_shop_competitors_out_of_business,
          nicolae_dithmenos_through_a_glass_darkly
D:5:      layout_basic, serial_shops, nicolae_shop_behind_doors,
          nicolae_shop_stone, serial_bayou_crossing
Temple:   compressed_dpeg_triangle_lava_temple

Skill      XL: |  1  2  3  4  5  6  7 |
---------------+----------------------+-----
Spellcasting   | 3 4 5 6 |  6.1
Fighting       | 1 2 |  2.6
Stealth        | 2 |  2.8
Short Blades   | |  0.2
Dodging        | |  2.6
Shields        | |  0.2

Action                   |  1- 3 |  4- 6 |  7- 9 || total
-------------------------+-------+-------+-------++-------
Melee: Short sword       |     3 |     2 |       ||     5
 Cast: Foxfire           |    73 |    78 |    32 ||   183
  Use: Scroll            |     2 |     3 |     4 ||     9
Armor: Robe              |     7 |     2 |     1 ||    10
Dodge: Dodged            |     8 |    20 |     2 ||    30
Block: Other             |       |     5 |     3 ||     8

Table legend: (Time is in decaauts)
 A = Elapsed time spent in this place.
 B = Non-inter-level travel time spent in this place.
 C = Inter-level travel time spent in this place.
 D = Time resting spent in this place.
 E = Time spent auto-exploring this place.
 F = Levels seen in this place.
 G = Mean time per level.
                   A        B        C        D        E       F      G
               +--------+--------+--------+--------+--------+-----+--------+
         Total |   5774 |   5590 |    184 |    559 |   4361 |   6 |  962.3 |
       Dungeon |   5458 |   5301 |    157 |    559 |   4082 |   5 | 1091.6 |
        Temple |    315 |    288 |     27 |      0 |    279 |   1 |  315.0 |
               +--------+--------+--------+--------+--------+-----+--------+

Top non-repeatable levels by time:
     D:3: 1566 daAuts
     D:4: 1433 daAuts
     D:2: 1282 daAuts
     D:1: 1116 daAuts
  Temple: 315 daAuts
     D:5: 59 daAuts
